 Dungeon Sprint DCSS version 0.21.1-1-g345015f (webtiles) character file.

48125 sanboga the Executioner (level 14, -3/108 HPs)
             Began as a Gargoyle Berserker on Mar 15, 2018.
             Was the Champion of Trog.
             Killed from afar by a storm dragon (8 damage)
             ... with a bolt of lightning
             ... in the Dungeon (Sprint II: "The Violet Keep of Menkaure").
             The game lasted 00:18:17 (3815 turns).

sanboga the Executioner (Gargoyle Berserker)        Turns: 3815, Time: 00:18:17

Health: -3/108     AC: 41    Str: 27    XL:     14   Next: 45%
Magic:  5/5        EV:  9    Int: 11    God:    Trog [******]
Gold:   2877       SH:  0    Dex: 13    Spells: 13/13 levels left

rFire    + + +     SeeInvis +   s - +4 executioner's axe (freeze)
rCold    . . .     Gourm    .   (shield currently unavailable)
rNeg     + . .     Faith    .   j - +5 plate armour of Fashionability {*Corrode Regen+ MP-9 SInv}
rPois    ∞         Spirit   .   (no helmet)
rElec    +         Reflect  .   n - scarf {repulsion}
rCorr    .         Harm     .   (no gloves)
MR       +....     NoTele   +   k - +2 pair of boots {Fly}
Stlth    ..........             o - amulet of regeneration
HPRegen  1.08/turn              w - ring of protection from cold
MPRegen  0.09/turn              r - ring "Pacoh" {Fire *Drain rPois Int+4 Stlth+}

@: berserk cooldown, flying, very slightly contaminated, slowed, repel missiles,
very slow
A: big wings, hooves 1, thin skeletal structure 1, yellow scales 2, agile 1,
fire resistance 2, negative energy resistance 1, electricity resistance,
unbreathing, petrification resistance, rot immunity, AC +10
a: Stop Flying, Berserk, Trog's Hand, Brothers in Arms, Burn Spellbooks,
Renounce Religion


You were in the Dungeon.
You worshipped Trog.
Trog was exalted by your worship.
You were near starving.

You visited 1 branch You collected 3860 gold pieces.
You spent 983 gold pieces at shops.

Inventory:

Hand Weapons
 s - a +4 executioner's axe of freezing (weapon)
Armour
 j - the +5 plate armour of Fashionability (worn) {*Corrode Regen+ MP-9 SInv}
   (You bought it in a shop in the Dungeon)

   It affects your magic capacity (-9).
   It lets you see invisible.
   It increases your rate of regeneration.
   It may corrode you when you take damage.
 k - a +2 pair of boots of flying (worn)
 n - a scarf of repulsion (worn)
Jewellery
 o - an amulet of regeneration (around neck)
 r - the ring "Pacoh" (right hand) {Fire *Drain rPois Int+4 Stlth+}
   (You acquired it in the Dungeon)

   [ring of fire]

   It enhances your fire magic.
   It affects your intelligence (+4).
   It protects you from fire.
   It makes you vulnerable to cold.
   It protects you from poison.
   It causes draining when unequipped.
   It makes you more stealthy.
 w - a ring of protection from cold (left hand)
Scrolls
 i - a scroll of blinking
Potions
 a - a potion of might
 d - 3 potions of curing
 f - 4 potions of haste
 g - 5 potions of magic
 h - a potion of berserk rage
 q - 3 potions of resistance
 t - 25 potions of mutation
 v - a potion of agility
Books
 c - a book of Transfigurations

   Spells                             Type                      Level
   a - Irradiate                      Conjuration/Transmutation    5
   b - Statue Form                    Transmutation/Earth          6
   c - Hydra Form                     Transmutation                6
   d - Dragon Form                    Transmutation                7
   Trog disapproves of the use of such an item.
Miscellaneous
 m - a phial of floods (inert)
Comestibles
 b - 14 rations
 l - 2 chunks of flesh


   Skills:
 + Level 20.4 Fighting
 * Level 23.3 Axes
 + Level 20.3 Armour
 - Level 1.5 Dodging


You had 13 spell levels left.
You didn't know any spells.

Dungeon Overview and Level Annotations

Branches:
Dungeon (1/1)

Altars:
Cheibriados
Dithmenos
Elyvilon
Fedhas
Gozag
Hepliaklqana
Kikubaaqudgha
Makhleb
Nemelex Xobeh
Okawaru
Qazlal
Ru
Sif Muna
Trog
Uskayaw
Vehumet
Wu Jian
Xom
Yredelemnul
Zin
The Shining One
Beogh
Jiyva
Lugonu

Shops:
D ::!=}!:=:[([%?%[%}%:%:

Annotations:
D exclusion: oklob plant


Innate Abilities, Weirdness & Mutations

You are resistant to torment.
Your stone body is resilient. (AC +10)
You are immune to poison.
Your large and strong wings let you fly indefinitely.
You resist negative energy. (rN+)
You are resistant to electric shocks. (rElec)
You can survive without breathing.
You are immune to petrification.
You are immune to rotting.
You have large cloven feet.
You have a somewhat thin skeletal structure. (Dex +2, Stealth)
You are mostly covered in yellow scales. (AC +3)
You are agile. (Dex +2)
Your flesh is very heat resistant. (rF++)


Message History

The deep elf high priest prays to its god.
The deep elf high priest begins emitting a brilliant aura!
The frost giant is empowered by the deep elf high priest's aura!
The cacodemon is engulfed in a cloud of scalding steam.
The centaur warrior shoots an arrow.
The arrow is repelled.
The deep elf high priest barely misses you.
You carve the deep elf high priest like a ham!!!
You freeze the deep elf high priest!
You kill the deep elf high priest!
Trog accepts your kill.
The frost giant seems less brilliant.
The yaktaur captain shoots a bolt.
The bolt is repelled.
The centaur warrior shoots an arrow.
The arrow hits you!
* * * LOW HITPOINT WARNING * * *
Blink to where?
Press: ? - help, Dir - move target cursor Really blink into a travel-excluded area?
As you read the scroll of blinking, it crumbles to dust.
The storm dragon breathes lightning at you.
The bolt of lightning hits you! You resist.
You die...

≈≈≈..§≈§≈§.)#.)'..(.#..#):▓...(..
≈≈≈≈§##'##Dc#..####.#.÷#=§▓(..(..
≈≈≈§##.#.##.####..'.##÷#:=▓(.[...
≈≈≈≈#.###.#(...#..#^..####▓(..[.(
≈≈####.#.####..#####).##.#▓(.....
≈##.###'###.##..#..'..#..#▓(.....
≈#...##.##...#..#..#..#).#▓..(((.
≈'.##'.<.')#.'.§####..##(#▓...(..
≈#...##.##...#..@.###^..##▓▓▓▓▓▓▓
≈##.###'###.##......≈≈≈≈≈≈≈≈≈≈≈§≈
≈≈#####..####≈≈.§§..≈#+########'#
#≈≈≈#.##..#≈≈≈§≈§≈§.≈#..._._._#≈§
#'#≈##.#.##≈≈§§§§≈§§≈#_._._._.#≈§
#(#≈≈##'##≈≈≈§§≈≈§§≈≈#._._._._#≈§
####≈≈≈≈≈≈≈≈≈§§§≈≈≈≈≈#_._._._.#≈≈
≈*,#+++#+++#≈≈§≈≈≈≈§≈#._._._..#≈§
≈*##≈≈≈§§≈≈##§≈§###≈≈#_._._...#§§


You could see a storm dragon and a centaur warrior.

Vanquished Creatures
  A golden dragon (D)
  A deep elf blademaster (D)
  3 quicksilver dragons (D)
  A deep elf master archer (D)
  A kraken (D)
  Gastronok (D)
  Kirke (D)
  A storm dragon (D)
  Roxanne (D)
  3 lorocyprocas (D)
  A crystal guardian (D)
  A great orb of eyes (D)
  A deep elf high priest (D)
  An iron elemental (D)
  2 hell hogs (D)
  2 sixfirhies (D)
  2 deep trolls (D)
  2 death drakes (D)
  An orange crystal statue (D)
  A harpy (D)
  3 manticores (D)
  15 shining eyes (D)
  A merfolk siren (D)
  An eye of devastation (D)
  A yaktaur (D)
  3 polar bears (D)
  A hornet (D)
  2 hippogriffs (D)
  2 redbacks (D)
  18 flying skulls (D)
  2 wyverns (D)
  3 yaks (D)
  3 soldier ants (D)
  10 floating eyes (D)
  2 swamp drakes (D)
  3 black bears (D)
  4 crocodiles (D)
  4 necrophages (D)
  9 electric eels (D)
  A jelly (D)
  A hell rat (D)
  3 worms (D)
  2 tentacles (D)
122 creatures vanquished.

Vanquished Creatures (collateral kills)
  2 sphinxes (D)
  A dire elephant (D)
  A sixfirhy (D)
  3 orc sorcerers (D)
7 creatures vanquished.

Vanquished Creatures (others)
  Menkaure (D)
  A crocodile (D)
  16 tentacles (D)
18 creatures vanquished.

Grand Total: 147 creatures vanquished

Notes
Turn   | Place    | Note
-------+----------+-------------------------------------------
     0 | D        | sanboga the Gargoyle Berserker began the quest for the Orb.
     0 | D        | Reached XP level 1. HP: 14/14 MP: 1/1
     1 | D        | Noticed a necrophage
     1 | D        | Noticed a necrophage
     1 | D        | Noticed a necrophage
     1 | D        | Noticed a necrophage
     8 | D        | Killed a necrophage
     8 | D        | Reached skill level 5 in Fighting
     8 | D        | Reached skill level 6 in Axes
     8 | D        | Reached XP level 2. HP: 21/21 MP: 2/2
     8 | D        | Reached XP level 3. HP: 26/26 MP: 3/3
     8 | D        | Reached XP level 4. HP: 31/31 MP: 4/4
    11 | D        | Killed a necrophage
    11 | D        | Reached ** piety under Trog
    11 | D        | Reached skill level 7 in Axes
    11 | D        | Reached XP level 5. HP: 37/37 MP: 5/5
    15 | D        | Killed a necrophage
    15 | D        | Reached skill level 8 in Axes
    15 | D        | Reached XP level 6. HP: 44/44 MP: 6/6
    21 | D        | Killed a necrophage
    21 | D        | Reached skill level 9 in Axes
    58 | D        | Killed Menkaure
    62 | D        | Noticed a hippogriff
    62 | D        | Noticed a hippogriff
    68 | D        | Killed a hippogriff
    68 | D        | Reached skill level 10 in Axes
    68 | D        | Reached XP level 7. HP: 50/50 MP: 7/7
    75 | D        | Killed a hippogriff
    75 | D        | Reached *** piety under Trog
   202 | D        | Noticed an orange crystal statue
   306 | D        | Noticed a merfolk siren
   324 | D        | Killed a merfolk siren
   324 | D        | Reached **** piety under Trog
   324 | D        | Reached skill level 10 in Fighting
   324 | D        | Reached skill level 11 in Axes
   324 | D        | Reached XP level 8. HP: 32/57 MP: 8/8
   502 | D        | Found Tuepouqy's Food Emporium.
   502 | D        | Found Isuate's Antique Armour Shoppe.
   502 | D        | Found Yrghov's Book Emporium.
   502 | D        | Found Buruc's Jewellery Shoppe.
   502 | D        | Found Ziruenut's Antique Armour Shoppe.
   502 | D        | Found Utul's Book Emporium.
   503 | D        | Found Xygosef's Gadget Shoppe.
   503 | D        | Found Gaitry Tank's Jewellery Emporium.
   503 | D        | Found Usoud's Magic Scroll Shoppe.
   503 | D        | Found Cowaheh's Antique Armour Shoppe.
   503 | D        | Found Hihus's Antique Weapon Emporium.
   504 | D        | Found Picosuip's Distillery.
   504 | D        | Found Aczas's Book Emporium.
   505 | D        | Found Dimerohi's Food Shoppe.
   505 | D        | Found Suxabuz's Distillery.
   506 | D        | Noticed a death yak
   506 | D        | Noticed an oklob plant
   508 | D        | Found Tuhymmen's Book Shoppe.
   514 | D        | Bought a transparent plate armour for 700 gold pieces
   536 | D        | Identified the +5 plate armour of Fashionability {*Corrode Regen+ MP-9 SInv} (You bought it in a shop in the Dungeon)
   538 | D        | Noticed an unseen horror
   538 | D        | Noticed an unseen horror
   547 | D        | Bought a glowing war axe for 143 gold pieces
   589 | D        | Reached skill level 10 in Armour
   623 | D        | Found a glowing golden altar of the Shining One.
   623 | D        | Found an ornate altar of the Wu Jian Council.
   623 | D        | Found a stormy altar of Qazlal.
   624 | D        | Found a shimmering altar of Xom.
   624 | D        | Found a sacrificial altar of Ru.
   624 | D        | Found a hazy altar of Hepliaklqana.
   625 | D        | Found a basalt altar of Yredelemnul.
   625 | D        | Found a deep blue altar of Sif Muna.
   625 | D        | Found a viscous altar of Jiyva.
   627 | D        | Found a glowing silver altar of Zin.
   627 | D        | Found a bloodstained altar of Trog.
   627 | D        | Found an ancient bone altar of Kikubaaqudgha.
   628 | D        | Found a hide-covered altar of Uskayaw.
   628 | D        | Found a corrupted altar of Lugonu.
   628 | D        | Found a shadowy altar of Dithmenos.
   629 | D        | Found a radiant altar of Vehumet.
   629 | D        | Found a burning altar of Makhleb.
   629 | D        | Found a white marble altar of Elyvilon.
   630 | D        | Found a sparkling altar of Nemelex Xobeh.
   630 | D        | Found a blossoming altar of Fedhas.
   631 | D        | Found an iron altar of Okawaru.
   631 | D        | Found an opulent altar of Gozag.
   632 | D        | Noticed a yaktaur
   632 | D        | Noticed a hornet
   632 | D        | Noticed a polar bear
   633 | D        | Noticed a polar bear
   637 | D        | Killed a polar bear
   637 | D        | Reached skill level 12 in Axes
   638 | D        | Noticed a polar bear
   640 | D        | Killed a polar bear
   642 | D        | Killed a polar bear
   642 | D        | Reached ***** piety under Trog
   642 | D        | Reached XP level 9. HP: 64/64 MP: 0/9
   646 | D        | Killed a hornet
   646 | D        | Reached skill level 13 in Axes
   647 | D        | Killed a yaktaur
   697 | D        | Noticed a kraken
  1005 | D        | Killed a kraken
  1005 | D        | Reached skill level 14 in Axes
  1005 | D        | Reached XP level 10. HP: 72/72 MP: 1/10
  1062 | D        | Found a snail-covered altar of Cheibriados.
  1068 | D        | Found a roughly hewn altar of Beogh.
  1126 | D        | Noticed a deep troll
  1127 | D        | Noticed a deep troll
  1135 | D        | Killed a deep troll
  1135 | D        | Reached skill level 15 in Axes
  1141 | D        | Killed a deep troll
  1187 | D        | Noticed a sphinx
  1187 | D        | Noticed a sphinx
  1192 | D        | Killed a sphinx
  1192 | D        | Received a gift from Trog
  1195 | D        | Killed a sphinx
  1195 | D        | Reached skill level 16 in Axes
  1195 | D        | Reached XP level 11. HP: 62/80 MP: 0/11
  1322 | D        | Reached ****** piety under Trog
  1334 | D        | Received a gift from Trog
  1345 | D        | Noticed a sixfirhy
  1348 | D        | Reached skill level 17 in Axes
  1482 | D        | Bought a ration for 50 gold pieces
  1482 | D        | Bought a ration for 50 gold pieces
  1545 | D        | Noticed a sixfirhy
  1548 | D        | Noticed a sixfirhy
  1555 | D        | Found Itasealag's Book Shoppe.
  1556 | D        | Found Cedoes's Gadget Boutique.
  1596 | D        | Received a gift from Trog
  1634 | D        | Killed a sixfirhy
  1639 | D        | Killed a sixfirhy
  1639 | D        | Reached skill level 15 in Fighting
  1647 | D        | Killed a sixfirhy
  1647 | D        | Reached skill level 15 in Armour
  1651 | D        | Noticed Gastronok
  1664 | D        | Killed Gastronok
  1669 | D        | Noticed a dire elephant
  1669 | D        | Noticed an orc sorcerer
  1669 | D        | Noticed an orc sorcerer
  1669 | D        | Noticed an orc sorcerer
  1673 | D        | Killed a dire elephant
  1673 | D        | Reached skill level 18 in Axes
  1676 | D        | Killed an orc sorcerer
  1677 | D        | Noticed a soul eater
  1678 | D        | Killed an orc sorcerer
  1678 | D        | Received a gift from Trog
  1679 | D        | Killed an orc sorcerer
  1681 | D        | Got a slimy battleaxe {god gift}
  1682 | D        | Identified the +4 battleaxe of Doubt {speed, *Noise rPois SInv} (Trog gifted it to you in the Dungeon)
  1690 | D        | Got a scorched ivory ring
  1725 | D        | Identified the ring "Ucric" {-Tele rF+ Str+9} (You found it in the Dungeon)
  1794 | D        | Identified 4 scrolls of acquirement
  1806 | D        | Identified a +2 pair of boots of running (You acquired it in the Dungeon)
  1826 | D        | Got a heavily runed silver ring
  1827 | D        | Identified the ring "Pacoh" {Fire *Drain rPois Int+4 Stlth+} (You acquired it in the Dungeon)
  1931 | D        | Killed an orange crystal statue
  1931 | D        | Reached XP level 12. HP: 88/88 MP: 3/12
  1957 | D        | Gained mutation: Your spells are a little easier to cast, but a little less powerful. [mutagenic glow]
  1997 | D        | Gained mutation: You tend to lose your temper in combat. [mutagenic glow]
  2045 | D        | Gained mutation: You often lose your temper in combat. [mutagenic glow]
  2087 | D        | Gained mutation: You occasionally shout uncontrollably at your foes. [mutagenic glow]
  2317 | D        | Noticed Roxanne
  2333 | D        | Killed Roxanne
  2333 | D        | Received a gift from Trog
  2445 | D        | Noticed a deep elf blademaster
  2466 | D        | Killed a deep elf blademaster
  2466 | D        | Reached skill level 19 in Axes
  2539 | D        | Gained mutation: Your magical capacity is low. (-10% MP) [a shining eye]
  2540 | D        | Paralysed by a floating eye for 4 turns
  2541 | D        | Gained mutation: Your spells are easier to cast, but less powerful. [a shining eye]
  2542 | D        | Gained mutation: You do not regenerate when monsters are visible. [a shining eye]
  2544 | D        | Received a gift from Trog
  2544 | D        | Gained mutation: You have a somewhat thin skeletal structure. (Dex +2, Stealth) [a shining eye]
  2546 | D        | Received a gift from Trog
  2549 | D        | Reached skill level 20 in Axes
  2549 | D        | Gained mutation: You have an uncontrollable temper. [a shining eye]
  2549 | D        | Gained mutation: You are weak. (Str -2) [a shining eye]
  2550 | D        | Received a gift from Trog
  2550 | D        | Reached XP level 13. HP: 96/96 MP: 2/11
  2650 | D        | Received a gift from Trog
  2660 | D        | Lost mutation: You have an uncontrollable temper. [potion of mutation]
  2660 | D        | Lost mutation: You do not regenerate when monsters are visible. [potion of mutation]
  2660 | D        | Lost mutation: You are weak. (Str -2) [potion of mutation]
  2660 | D        | Lost mutation: You often lose your temper in combat. [potion of mutation]
  2660 | D        | Gained mutation: Your flesh is heat resistant. (rF+) [potion of mutation]
  2660 | D        | Gained mutation: You passively map a small area around you. [potion of mutation]
  2661 | D        | Lost mutation: Your magical capacity is low. (-10% MP) [potion of mutation]
  2661 | D        | Gained mutation: Your large and strong wings let you fly indefinitely. [potion of mutation]
  2661 | D        | Gained mutation: You evolve. [potion of mutation]
  2662 | D        | Lost mutation: You tend to lose your temper in combat. [potion of mutation]
  2662 | D        | Lost mutation: You passively map a small area around you. [potion of mutation]
  2662 | D        | Gained mutation: You are weak. (Str -2) [potion of mutation]
  2662 | D        | Gained mutation: You are agile. (Dex +2) [potion of mutation]
  2662 | D        | Lost mutation: Your spells are easier to cast, but less powerful. [potion of mutation]
  2663 | D        | Lost mutation: You occasionally shout uncontrollably at your foes. [potion of mutation]
  2663 | D        | Lost mutation: You are weak. (Str -2) [potion of mutation]
  2663 | D        | Lost mutation: You are agile. (Dex +2) [potion of mutation]
  2663 | D        | Lost mutation: Your spells are a little easier to cast, but a little less powerful. [potion of mutation]
  2663 | D        | Lost mutation: Your large and strong wings let you fly indefinitely. [potion of mutation]
  2663 | D        | Gained mutation: You are agile. (Dex +2) [potion of mutation]
  2663 | D        | Gained mutation: Your flesh is very heat resistant. (rF++) [potion of mutation]
  2695 | D        | Noticed a quicksilver dragon
  2695 | D        | Noticed a lorocyproca
  2699 | D        | Noticed a lorocyproca
  2700 | D        | Noticed a lorocyproca
  2703 | D        | Noticed a quicksilver dragon
  2704 | D        | Killed a quicksilver dragon
  2705 | D        | Killed a lorocyproca
  2715 | D        | Killed a lorocyproca
  2716 | D        | Killed a lorocyproca
  2716 | D        | Reached skill level 21 in Axes
  2782 | D        | Killed a quicksilver dragon
  2882 | D        | Noticed a quicksilver dragon
  2890 | D        | Killed a quicksilver dragon
  2890 | D        | Received a gift from Trog
  3071 | D        | Noticed a crystal guardian
  3080 | D        | Killed a crystal guardian
  3178 | D        | Received a gift from Trog
  3178 | D        | Gained mutation: You are frail. (-10% HP) [a shining eye]
  3179 | D        | Gained mutation: Your body sometimes deteriorates upon taking damage. [a shining eye]
  3182 | D        | Gained mutation: You tend to lose your temper in combat. [a shining eye]
  3185 | D        | Lost mutation: You are frail. (-10% HP) [potion of mutation]
  3185 | D        | Lost mutation: You tend to lose your temper in combat. [potion of mutation]
  3185 | D        | Lost mutation: Your body sometimes deteriorates upon taking damage. [potion of mutation]
  3185 | D        | Gained mutation: You are partially covered in yellow scales. (AC +2) [potion of mutation]
  3185 | D        | Gained mutation: You have large cloven feet. [potion of mutation]
  3185 | D        | Gained mutation: You are mostly covered in yellow scales. (AC +3) [potion of mutation]
  3213 | D        | Noticed a deep elf master archer
  3234 | D        | Noticed a great orb of eyes
  3237 | D        | Killed a great orb of eyes
  3237 | D        | Reached skill level 22 in Axes
  3252 | D        | Killed a deep elf master archer
  3393 | D        | Received a gift from Trog
  3394 | D        | Gained mutation: Your large and strong wings let you fly indefinitely. [Gargoyle growth]
  3394 | D        | Reached XP level 14. HP: 94/106 MP: 5/14
  3394 | D        | Received a gift from Trog
  3400 | D        | Received a gift from Trog
  3521 | D        | Bought a scroll of identify for 20 gold pieces
  3523 | D        | Bought a scroll of identify for 20 gold pieces
  3561 | D        | Received a gift from Trog
  3628 | D        | Noticed a storm dragon
  3645 | D        | Killed a storm dragon
  3645 | D        | Received a gift from Trog
  3703 | D        | Found Aratinn's Book Boutique.
  3703 | D        | Found Geah's Food Shoppe.
  3703 | D        | Found Veuck's Food Emporium.
  3703 | D        | Found Hagre's Food Boutique.
  3703 | D        | Noticed a golden dragon
  3712 | D        | Killed a golden dragon
  3712 | D        | Reached skill level 23 in Axes
  3773 | D        | Noticed Kirke
  3774 | D        | Noticed a cacodemon
  3774 | D        | Noticed a golden dragon
  3775 | D        | Noticed a bone dragon
  3781 | D        | Noticed a storm dragon
  3788 | D        | Killed Kirke
  3791 | D        | Noticed a frost giant
  3810 | D        | Lost mutation: You evolve. [a cacodemon]
  3814 | D        | HP: 4/108 [centaur warrior/arrow (9)]
  3815 | D        | Killed from afar by a storm dragon

Skill      XL: |  1  2  3  4  5  6  7  8  9 10 11 12 13 14 |
---------------+-------------------------------------------+-----
Fighting       | 5 6 7 8 10 11 12 14 15 17 19 20 | 20.4
Axes           | 6 7 8 10 11 12 14 16 18 20 22 23 | 23.3
Armour         | 4 6 8 9 11 12 14 15 17 19 20 | 20.3
Dodging        | |  1.5

Action                   |  1- 3 |  4- 6 |  7- 9 | 10-12 | 13-15 || total
-------------------------+-------+-------+-------+-------+-------++-------
Melee: Hand axe          |     6 |    17 |    30 |       |       ||    53
       War axe           |       |       |    37 |    27 |       ||    64
       Battleaxe         |       |       |       |    90 |       ||    90
       Executioner's axe |       |       |       |    54 |   132 ||   186
       Unarmed           |       |       |       |       |     9 ||     9
Invok: Berserk           |     1 |     1 |     3 |     4 |     6 ||    15
       Brothers in Arms  |       |       |       |     3 |     1 ||     4
       Burn Spellbooks   |       |       |       |     1 |     2 ||     3
Evoke: Phial of floods   |       |       |       |       |     1 ||     1
  Use: Scroll            |       |       |     6 |    11 |     7 ||    24
       Potion            |       |       |       |     1 |    10 ||    11
  Eat: Chunk             |       |       |     3 |     1 |     2 ||     6
       Ration            |       |       |       |     3 |     2 ||     5
Armor: Animal skin       |     1 |     1 |     1 |       |       ||     3
       Plate armour      |       |       |    43 |   186 |   195 ||   424
Dodge: Dodged            |     3 |     8 |    21 |    78 |    91 ||   201
       Deflected         |       |       |       |       |     9 ||     9
